Devils vs Blackhawks
Created - 4 février 2014 at 19:03
Goals
|
| Devils |
2 |
1 |
3 |
6 |
| Blackhawks |
1 |
3 |
1 |
5 |
|
Shots
|
| Devils |
10 |
8 |
13 |
31 |
| Blackhawks |
8 |
9 |
7 |
24 |
|
1st period
1. Devils , Stephen Weiss 25 (Guillaume Latendresse, Jonas Hoglund) at 13:29 (PP)
2. Devils , Mike Komisarek 3 (Stephen Weiss) at 18:01 (SH)
3. Blackhawks , Christian Ehrhoff 4 (Loui Eriksson, Stephane Robidas) at 18:51
Penalties :
George Parros (Chi) for Hooking (Minor) at 13:17, Andrei Kostitsyn (NJD) for Interference (Minor) at 13:50, Brian Rafalski (NJD) for Hooking (Minor) at 16:31
2nd period
4. Blackhawks , Scott Gomez 22 (Stephane Robidas) at 0:10
5. Blackhawks , Scott Gomez 23 (Kris Versteeg, Steve McCarthy) at 6:46 (PP)
6. Devils , Ramzi Abid 12 (Dustin Boyd, Ben Lovejoy) at 13:38 (PP)
7. Blackhawks , Chris Gratton 7 (Christian Ehrhoff, Stephane Robidas) at 15:11
Penalties :
Jonas Hoglund (NJD) for Slashing (Double Minor) at 0:53, Guillaume Latendresse (NJD) for Tripping (Minor) at 5:41, Teemu Selanne (NJD) for Cross-checking (Minor) at 7:07, Christian Ehrhoff (Chi) for Hooking (Minor) at 13:05
3rd period
8. Devils , Tomas Holmstrom 8 (Jason Williams, Lee Stempniak) at 1:56
9. Devils , Ramzi Abid 13 (Dustin Boyd) at 4:28 (PP)
10. Devils , Brian Rafalski 5 (Dustin Boyd, Antti Niemi) at 12:13
11. Blackhawks , Daniel Carcillo 8 (Scott Gomez, Steve McCarthy) at 19:27
Penalties :
George Parros (Chi) for Hooking (Minor) at 4:25, Dustin Boyd (NJD) for Hooking (Minor) at 6:08, Teemu Selanne (NJD) for Interference (Minor) at 13:57
Goalie Stats
Antti Niemi (NJD), 19 saves from 24 shots - (0,792), W, 16-14-2, 60:00 minutes
Roberto Luongo (Chi), 25 saves from 31 shots - (0,806), L, 22-15-4, 59:33 minutes
Players Stats for Devils
Player Name G A P +/- PIM S H SB GA TA FO MP PP MP PK MP
------------------------------------------------------------------------------------
Andrei Kostitsyn 0 0 0 -2 2 2 5 0 0 0 0/0 16:01 0:00 1:19
Ben Lovejoy 0 1 1 -1 0 0 3 3 0 0 0/0 19:52 0:45 0:00
Brian Rafalski 1 0 1 -2 2 2 2 2 0 0 0/0 21:53 0:45 0:00
Doug Weight 0 0 0 -2 0 3 4 3 1 1 14/23 21:03 0:00 8:22
Dustin Boyd 0 3 3 0 2 0 0 0 0 1 1/3 8:54 0:16 0:12
Guillaume Latendresse 0 1 1 -1 2 1 2 0 1 1 0/0 13:56 0:32 0:15
Jason Williams 0 1 1 2 0 1 0 0 0 0 1/2 7:58 0:00 0:00
Jeff Schultz 0 0 0 1 0 1 1 0 0 0 0/0 15:27 0:00 5:35
Johnny Oduya 0 0 0 1 0 0 1 0 0 1 0/0 16:07 0:03 5:35
Jonas Hoglund 0 1 1 -1 4 0 1 0 0 0 1/1 12:53 0:32 0:00
Lee Stempniak 0 1 1 2 0 1 0 0 0 0 0/1 10:33 0:00 2:17
Marek Zidlicky 0 0 0 -1 0 0 1 0 1 1 0/0 23:32 0:03 9:24
Mike Komisarek 1 0 1 -1 0 2 0 2 0 0 0/0 23:29 0:00 9:24
Phil Kessel 0 0 0 0 0 0 1 0 0 0 0/0 8:33 0:16 0:00
Ramzi Abid 2 0 2 -1 0 4 0 0 0 0 0/0 17:30 0:16 8:36
Stephen Weiss 1 1 2 -1 0 8 2 1 0 0 15/30 20:39 0:32 5:18
Teemu Selanne 0 0 0 -1 4 5 2 0 0 0 1/2 18:36 0:00 3:39
Tomas Holmstrom 1 0 1 2 0 1 0 0 1 0 0/0 7:58 0:00 0:00
Players Stats for Blackhawks
Player Name G A P +/- PIM S H SB GA TA FO MP PP MP PK MP
------------------------------------------------------------------------------------
Brad Ference 0 0 0 0 0 0 0 0 0 0 0/0 10:21 0:00 0:00
Chris Gratton 1 0 1 1 0 1 3 0 0 0 6/9 19:07 6:26 0:00
Christian Ehrhoff 1 1 2 2 2 3 1 1 2 1 0/0 26:49 8:29 0:03
Colby Armstrong 0 0 0 1 0 1 2 0 0 1 1/1 13:10 0:06 0:00
Daniel Carcillo 1 0 1 0 0 1 1 0 0 1 0/0 5:58 0:00 0:00
George Parros 0 0 0 -1 4 1 1 0 1 0 0/1 22:32 8:27 0:33
Hnat Domenichelli 0 0 0 1 0 0 1 1 0 0 0/0 19:12 6:26 0:00
Jordan Staal 0 0 0 1 0 0 0 0 0 0 3/5 12:32 0:00 0:00
Kris Versteeg 0 1 1 -1 0 4 2 0 1 0 0/2 22:01 8:27 0:00
Kristopher Letang 0 0 0 0 0 1 0 1 1 0 0/0 20:15 6:30 0:12
Loui Eriksson 0 1 1 1 0 0 0 0 0 0 0/0 12:43 0:06 0:00
Mattias Ohlund 0 0 0 0 0 0 0 2 0 0 0/0 10:54 0:00 0:33
Rene Bourque 0 0 0 1 0 1 3 0 0 0 0/1 19:13 6:26 0:00
Scott Gomez 2 1 3 -1 0 8 2 2 0 0 19/42 25:27 8:27 0:48
Sergei Shirokov 0 0 0 0 0 1 0 0 0 0 0/1 7:15 0:06 0:15
Stephane Robidas 0 3 3 1 0 2 0 0 0 0 0/0 29:24 8:29 0:36
Steve McCarthy 0 2 2 0 0 0 1 3 0 1 0/0 20:15 6:30 0:12
Wes O'Neill 0 0 0 -1 0 0 0 0 0 0 0/0 2:01 0:00 0:00
3 Stars
1 - Scott Gomez (Chi)
2 - Christian Ehrhoff (Chi)
3 - Ramzi Abid (NJD)
Power Play
Devils - 3 on 3 Attempt(s) - 100,00%
Blackhawks - 1 on 8 Attempt(s) - 12,50%
Penalty Kill
Devils - 7 on 8 Attempt(s) - 87,50%
- Score 1 goal in Penalty Kill
Blackhawks - 0 on 3 Attempt(s) - 0,00%
- Score 0 goal in Penalty Kill
Official
Referees : Joannette Marc and LaRue Dennis
Linesman : Mark Wheler and Lonnie Cameron
Game Notes
No Game Note
Finance
Level 1 -- Attendance: 5535 (92,25%) -- Ticket Income 487 080 $
Level 2 -- Attendance: 3818 (76,36%) -- Ticket Income 202 354 $
Level 3 -- Attendance: 1460 (73,00%) -- Ticket Income 49 640 $
Level 4 -- Attendance: 3015 (75,38%) -- Ticket Income 66 330 $
Luxury Box -- Attendance: 858 (85,80%) -- Ticket Income 141 570 $
Game was played at the Chicago Stadium
Total Attendance: 14686 (81,59%)
Total Ticket Income: 946 974 $
Other Income: 142 046 $
Total Income: 1 089 020 $
Devils
5 vs 5 Forward
Center Left Wing Right Wing Time % Phy DF OF
1 Stephen Weiss Andrei Kostitsyn Teemu Selanne 40 1 2 2
2 Doug Weight Guillaume Latendresse Jonas Hoglund 30 1 2 2
3 Dustin Boyd Ramzi Abid Phil Kessel 20 1 2 2
4 Jason Williams Tomas Holmstrom Lee Stempniak 10 1 2 2
5 vs 5 Defense
Defense Defense Time % Phy DF OF
1 Brian Rafalski Ben Lovejoy 40 1 2 2
2 Marek Zidlicky Mike Komisarek 30 1 2 2
3 Jeff Schultz Johnny Oduya 20 1 2 2
4 Brian Rafalski Johnny Oduya 10 1 2 2
PowerPlay Forward
Center Left Wing Right Wing Time % Phy DF OF
1 Stephen Weiss Guillaume Latendresse Jonas Hoglund 60 1 2 2
2 Dustin Boyd Ramzi Abid Phil Kessel 40 1 2 2
PowerPlay Defense
Defense Defense Time % Phy DF OF
1 Brian Rafalski Ben Lovejoy 60 1 2 2
2 Marek Zidlicky Johnny Oduya 40 1 2 2
Penalty Kill 4 Players Forward
Center Wing Time % Phy DF OF
1 Doug Weight Ramzi Abid 60 1 2 2
2 Stephen Weiss Teemu Selanne 40 1 2 2
Penalty Kill 4 Players Defense
Defense Defense Time % Phy DF OF
1 Marek Zidlicky Mike Komisarek 60 1 2 2
2 Jeff Schultz Johnny Oduya 40 1 2 2
Penalty Kill - 3 Players Forward
Forward Time % Phy DF OF
1 Doug Weight 60 1 2 2
2 Stephen Weiss 40 1 2 2
Penalty Kill - 3 Players Defense
Defense Defense Time % Phy DF OF
1 Marek Zidlicky Mike Komisarek 60 1 2 2
2 Jeff Schultz Johnny Oduya 40 1 2 2
4 vs 4 Forward
Center Wing Time % Phy DF OF
1 Doug Weight Ramzi Abid 60 1 2 2
2 Stephen Weiss Andrei Kostitsyn 40 1 2 2
4 vs 4 Defense
Defense Defense Time % Phy DF OF
1 Marek Zidlicky Jeff Schultz 60 1 2 2
2 Brian Rafalski Mike Komisarek 40 1 2 2
Last Minutes Offensive
Center Left Wing Right Wing Defense Defense
Stephen Weiss Guillaume Latendresse Jonas Hoglund Brian Rafalski Ben Lovejoy
Last Minutes Defensive
Center Left Wing Right Wing Defense Defense
Stephen Weiss Guillaume Latendresse Teemu Selanne Brian Rafalski Jeff Schultz
Goaltenders
Starting : Antti Niemi
Backup : Dan Ellis
Extra Forwards
Normal : Lee Stempniak, Andrei Kostitsyn, Ramzi Abid - PP : Lee Stempniak, Ramzi Abid - PK : Lee Stempniak
Extra Defensemen
Normal : Ben Lovejoy, Jeff Schultz, Brian Rafalski - PP : Ben Lovejoy - PK : Brian Rafalski, Johnny Oduya
Penalty Shots
Stephen Weiss, Guillaume Latendresse, Ramzi Abid, Teemu Selanne, Phil Kessel
Blackhawks
5 vs 5 Forward
Center Left Wing Right Wing Time % Phy DF OF
1 Scott Gomez Kris Versteeg George Parros 40 1 2 2
2 Chris Gratton Hnat Domenichelli Rene Bourque 30 1 2 2
3 Jordan Staal Loui Eriksson Colby Armstrong 20 1 2 2
4 Scott Gomez Daniel Carcillo Sergei Shirokov 10 1 2 2
5 vs 5 Defense
Defense Defense Time % Phy DF OF
1 Stephane Robidas Christian Ehrhoff 40 1 2 2
2 Steve McCarthy Kristopher Letang 30 1 2 2
3 Brad Ference Mattias Ohlund 20 1 2 2
4 Wes O'Neill Stephane Robidas 10 1 2 2
PowerPlay Forward
Center Left Wing Right Wing Time % Phy DF OF
1 Scott Gomez Kris Versteeg George Parros 60 1 2 2
2 Chris Gratton Hnat Domenichelli Rene Bourque 40 1 2 2
PowerPlay Defense
Defense Defense Time % Phy DF OF
1 Stephane Robidas Christian Ehrhoff 60 1 2 2
2 Steve McCarthy Kristopher Letang 40 1 2 2
Penalty Kill 4 Players Forward
Center Wing Time % Phy DF OF
1 Scott Gomez George Parros 60 1 2 2
2 Kris Versteeg Rene Bourque 40 1 2 2
Penalty Kill 4 Players Defense
Defense Defense Time % Phy DF OF
1 Stephane Robidas Christian Ehrhoff 60 1 2 2
2 Steve McCarthy Kristopher Letang 40 1 2 2
Penalty Kill - 3 Players Forward
Forward Time % Phy DF OF
1 Scott Gomez 60 1 2 2
2 George Parros 40 1 2 2
Penalty Kill - 3 Players Defense
Defense Defense Time % Phy DF OF
1 Stephane Robidas Christian Ehrhoff 60 1 2 2
2 Steve McCarthy Kristopher Letang 40 1 2 2
4 vs 4 Forward
Center Wing Time % Phy DF OF
1 Scott Gomez George Parros 60 1 2 2
2 Kris Versteeg Rene Bourque 40 1 2 2
4 vs 4 Defense
Defense Defense Time % Phy DF OF
1 Stephane Robidas Christian Ehrhoff 60 1 2 2
2 Steve McCarthy Kristopher Letang 40 1 2 2
Last Minutes Offensive
Center Left Wing Right Wing Defense Defense
Scott Gomez Kris Versteeg George Parros Stephane Robidas Christian Ehrhoff
Last Minutes Defensive
Center Left Wing Right Wing Defense Defense
Scott Gomez Kris Versteeg George Parros Stephane Robidas Christian Ehrhoff
Goaltenders
Starting : Roberto Luongo
Backup : Jocelyn Thibault
Extra Forwards
Normal : Colby Armstrong, Loui Eriksson, Sergei Shirokov - PP : Colby Armstrong, Loui Eriksson - PK : Sergei Shirokov
Extra Defensemen
Normal : Brad Ference, Mattias Ohlund, Wes O'Neill - PP : Brad Ference - PK : Mattias Ohlund, Wes O'Neill
Penalty Shots
Scott Gomez, George Parros, Kris Versteeg, Rene Bourque, Colby Armstrong
% Time on Ice - Devils
Lines # - Real PCT - Wanted PCT - Time Play
Normal Forward
1 - 34% - 40% - 14:44
2 - 29% - 30% - 12:42
3 - 19% - 20% - 8:17
4 - 18% - 10% - 7:58
Normal Defense
1 - 45% - 40% - 19:39
2 - 32% - 30% - 13:53
3 - 21% - 20% - 9:00
4 - 3% - 10% - 1:09
PP Forward
1 - 67% - 60% - 0:32
2 - 33% - 40% - 0:16
PP Defense
1 - 94% - 60% - 0:45
2 - 6% - 40% - 0:03
PK Forward
1 - 65% - 60% - 9:40
2 - 35% - 40% - 5:19
PK Defense
1 - 63% - 60% - 9:24
2 - 37% - 40% - 5:35
PK3 Forward
1 - 0% - 60%
2 - 0% - 40%
PK3 Defense
1 - 0% - 60%
2 - 0% - 40%
44 Forward
1 - 0% - 60%
2 - 0% - 40%
44 Defense
1 - 0% - 60%
2 - 0% - 40%
Last Minute Offensive - 0:00
Last Minute Defensive - 0:32
Total
Forward - 60:00
Defense - 60:00
|
% Time on Ice - Blackhawks
Lines # - Real PCT - Wanted PCT - Time Play
Normal Forward
1 - 30% - 40% - 13:02
2 - 31% - 30% - 13:21
3 - 27% - 20% - 11:37
4 - 13% - 10% - 5:41
Normal Defense
1 - 41% - 40% - 17:46
2 - 31% - 30% - 13:33
3 - 24% - 20% - 10:21
4 - 5% - 10% - 2:01
PP Forward
1 - 57% - 60% - 8:33
2 - 43% - 40% - 6:26
PP Defense
1 - 57% - 60% - 8:29
2 - 43% - 40% - 6:30
PK Forward
1 - 100% - 60% - 0:48
2 - 0% - 40% - 0:00
PK Defense
1 - 75% - 60% - 0:36
2 - 25% - 40% - 0:12
PK3 Forward
1 - 0% - 60%
2 - 0% - 40%
PK3 Defense
1 - 0% - 60%
2 - 0% - 40%
44 Forward
1 - 0% - 60%
2 - 0% - 40%
44 Defense
1 - 0% - 60%
2 - 0% - 40%
Last Minute Offensive - 0:32
Last Minute Defensive - 0:00
Total
Forward - 60:00
Defense - 60:00
|
Play by Play
1st period
0:01 of 1st period - Scott Gomez wins face-off versus Stephen Weiss in neutral zone.
0:16 of 1st period - Off-side.
0:17 of 1st period - Chris Gratton wins face-off versus Doug Weight in neutral zone.
0:24 of 1st period - Snap shot by Guillaume Latendresse.
0:24 of 1st period - Shot Blocked by Steve McCarthy.
0:26 of 1st period - Wrist shot by Jonas Hoglund.
0:26 of 1st period - Shot Misses the Net.
0:32 of 1st period - Wrist shot by Doug Weight.
0:32 of 1st period - Stopped by Roberto Luongo without a rebound.
0:33 of 1st period - Jordan Staal wins face-off versus Dustin Boyd in Blackhawks zone.
1:00 of 1st period - Mattias Ohlund is hit by Teemu Selanne and loses puck.
1:09 of 1st period - Slapshot by Scott Gomez.
1:09 of 1st period - Stopped by Antti Niemi without a rebound.
1:10 of 1st period - Doug Weight wins face-off versus Scott Gomez in Devils zone.
1:21 of 1st period - Wrist shot by Scott Gomez.
1:21 of 1st period - Shot Blocked by Ben Lovejoy.
2:05 of 1st period - Snap shot by Loui Eriksson.
2:05 of 1st period - Shot Misses the Net.
2:26 of 1st period - Snap shot by Ramzi Abid.
2:26 of 1st period - Deflect By Phil Kessel.
2:26 of 1st period - Shot Misses the Net.
2:26 of 1st period - Puck is out of play.
2:27 of 1st period - Stephen Weiss wins face-off versus George Parros in Blackhawks zone.
2:52 of 1st period - Wrist shot by Rene Bourque.
2:52 of 1st period - Stopped by Antti Niemi with a rebound.
4:24 of 1st period - Off-side.
4:25 of 1st period - Stephen Weiss wins face-off versus Kris Versteeg in neutral zone.
4:32 of 1st period - Wrist shot by Stephen Weiss.
4:32 of 1st period - Stopped by Roberto Luongo with a rebound.
5:01 of 1st period - Christian Ehrhoff is hit by Ben Lovejoy and loses puck.
5:10 of 1st period - Ben Lovejoy is hit by Colby Armstrong and loses puck.
5:36 of 1st period - Wrist shot by Lee Stempniak.
5:36 of 1st period - Shot Misses the Net.
5:38 of 1st period - Snap shot by Jeff Schultz.
5:38 of 1st period - Stopped by Roberto Luongo with a rebound.
5:40 of 1st period - Slapshot by Jeff Schultz.
5:40 of 1st period - Deflect By Lee Stempniak.
5:40 of 1st period - Shot Blocked by Steve McCarthy.
5:40 of 1st period - Puck is out of play.
5:41 of 1st period - Scott Gomez wins face-off versus Stephen Weiss in Blackhawks zone.
6:08 of 1st period - Christian Ehrhoff is hit by Johnny Oduya and loses puck.
7:55 of 1st period - Wrist shot by Loui Eriksson.
7:55 of 1st period - Shot Misses the Net.
8:32 of 1st period - Colby Armstrong is hit by Ben Lovejoy and loses puck.
9:01 of 1st period - Wrist shot by Ramzi Abid.
9:01 of 1st period - Shot Misses the Net.
9:41 of 1st period - Jordan Staal is hit by Andrei Kostitsyn and loses puck.
9:46 of 1st period - Slapshot by Teemu Selanne.
9:46 of 1st period - Shot Misses the Net.
9:56 of 1st period - Lee Stempniak is hit by Chris Gratton and loses puck.
10:09 of 1st period - Sergei Shirokov is hit by Guillaume Latendresse.
11:22 of 1st period - Steve McCarthy is hit by Andrei Kostitsyn and loses puck.
12:32 of 1st period - Christian Ehrhoff is hit by Phil Kessel.
12:48 of 1st period - Wrist shot by Teemu Selanne.
12:48 of 1st period - Stopped by Roberto Luongo with a rebound.
13:00 of 1st period - George Parros is hit by Marek Zidlicky and loses puck.
13:17 of 1st period - Minor Penalty to George Parros for Hooking.
13:18 of 1st period - Jonas Hoglund wins face-off versus Scott Gomez in Blackhawks zone.
13:29 of 1st period - Slapshot by Stephen Weiss.
13:29 of 1st period - Goal by Stephen Weiss - Devils : 1 - Blackhawks : 0.
13:30 of 1st period - Teemu Selanne wins face-off versus Scott Gomez in neutral zone.
13:32 of 1st period - Off-side.
13:33 of 1st period - Scott Gomez wins face-off versus Stephen Weiss in neutral zone.
13:36 of 1st period - Stephen Weiss is hit by Kris Versteeg and loses puck.
13:50 of 1st period - Minor Penalty to Andrei Kostitsyn for Interference.
13:51 of 1st period - Doug Weight wins face-off versus Scott Gomez in Devils zone.
14:00 of 1st period - Off-side.
14:01 of 1st period - Doug Weight wins face-off versus Scott Gomez in neutral zone.
14:24 of 1st period - Wrist shot by George Parros.
14:24 of 1st period - Shot Blocked by Doug Weight.
14:28 of 1st period - Wrist shot by Scott Gomez.
14:28 of 1st period - Stopped by Antti Niemi with a rebound.
14:46 of 1st period - Wrist shot by Kris Versteeg.
14:46 of 1st period - Shot Blocked by Mike Komisarek.
14:48 of 1st period - Wrist shot by Scott Gomez.
14:48 of 1st period - Shot Misses the Net.
15:02 of 1st period - Wrist shot by George Parros.
15:02 of 1st period - Shot Blocked by Doug Weight.
15:04 of 1st period - Backhand shot by Scott Gomez.
15:04 of 1st period - Stopped by Antti Niemi with a rebound.
15:06 of 1st period - Slapshot by George Parros.
15:06 of 1st period - Shot Blocked by Doug Weight.
15:08 of 1st period - Backhand shot by Scott Gomez.
15:08 of 1st period - Shot Misses the Net.
15:10 of 1st period - Wrist shot by Christian Ehrhoff.
15:10 of 1st period - Stopped by Antti Niemi without a rebound.
15:11 of 1st period - Chris Gratton wins face-off versus Teemu Selanne in Devils zone.
15:50 of 1st period - Penalty to Andrei Kostitsyn is over, Andrei Kostitsyn is back on ice.
15:50 of 1st period - Kristopher Letang is hit by Andrei Kostitsyn and loses puck.
16:05 of 1st period - Wrist shot by Andrei Kostitsyn.
16:05 of 1st period - Shot Blocked by Kristopher Letang.
16:07 of 1st period - Backhand shot by Guillaume Latendresse.
16:07 of 1st period - Deflect By Andrei Kostitsyn.
16:07 of 1st period - Shot Misses the Net.
16:07 of 1st period - Puck is out of play.
16:08 of 1st period - Jordan Staal wins face-off versus Stephen Weiss in Blackhawks zone.
16:08 of 1st period - Jordan Staal is hit by Brian Rafalski.
16:23 of 1st period - Snap shot by Teemu Selanne.
16:23 of 1st period - Stopped by Roberto Luongo without a rebound.
16:24 of 1st period - Scott Gomez wins face-off versus Doug Weight in Blackhawks zone.
16:29 of 1st period - Slapshot by Stephane Robidas.
16:29 of 1st period - Stopped by Antti Niemi with a rebound.
16:31 of 1st period - Minor Penalty to Brian Rafalski for Hooking.
16:32 of 1st period - Doug Weight wins face-off versus Scott Gomez in Devils zone.
17:10 of 1st period - Icing by Chris Gratton.
17:11 of 1st period - Stephen Weiss wins face-off versus Rene Bourque in Blackhawks zone.
17:14 of 1st period - Slapshot by Teemu Selanne.
17:14 of 1st period - Stopped by Roberto Luongo without a rebound.
17:15 of 1st period - Scott Gomez wins face-off versus Doug Weight in Blackhawks zone.
17:22 of 1st period - Wrist shot by George Parros.
17:22 of 1st period - Stopped by Antti Niemi with a rebound.
17:57 of 1st period - Off-side.
17:58 of 1st period - Stephen Weiss wins face-off versus Scott Gomez in neutral zone.
18:01 of 1st period - Slapshot by Mike Komisarek.
18:01 of 1st period - Goal by Mike Komisarek - Devils : 2 - Blackhawks : 0.
18:02 of 1st period - Doug Weight wins face-off versus Scott Gomez in neutral zone.
18:13 of 1st period - Slapshot by Ramzi Abid.
18:13 of 1st period - Stopped by Roberto Luongo without a rebound.
18:14 of 1st period - Doug Weight wins face-off versus Scott Gomez in Blackhawks zone.
18:29 of 1st period - Snap shot by Doug Weight.
18:29 of 1st period - Stopped by Roberto Luongo with a rebound.
18:31 of 1st period - Penalty to Brian Rafalski is over, Brian Rafalski is back on ice.
18:49 of 1st period - Snap shot by Loui Eriksson.
18:49 of 1st period - Shot Misses the Net.
18:51 of 1st period - Slapshot by Christian Ehrhoff.
18:51 of 1st period - Goal by Christian Ehrhoff - Devils : 2 - Blackhawks : 1.
18:52 of 1st period - Scott Gomez wins face-off versus Stephen Weiss in neutral zone.
Goals for this period are 2 for Devils vs 1 for Blackhawks.
Shots for this period are 10 for Devils vs 8 for Blackhawks.
2nd period
0:01 of 2nd period - Scott Gomez wins face-off versus Stephen Weiss in neutral zone.
0:10 of 2nd period - Slapshot by Scott Gomez.
0:10 of 2nd period - Goal by Scott Gomez - Devils : 2 - Blackhawks : 2.
0:11 of 2nd period - Stephen Weiss wins face-off versus Scott Gomez in neutral zone.
0:20 of 2nd period - Snap shot by Teemu Selanne.
0:20 of 2nd period - Deflect By Andrei Kostitsyn.
0:20 of 2nd period - Stopped by Roberto Luongo with a rebound.
0:22 of 2nd period - Slapshot by Brian Rafalski.
0:22 of 2nd period - Shot Blocked by Steve McCarthy.
0:24 of 2nd period - Slapshot by Brian Rafalski.
0:24 of 2nd period - Stopped by Roberto Luongo with a rebound.
0:36 of 2nd period - Doug Weight is hit by Rene Bourque and loses puck.
0:53 of 2nd period - Double Minor Penalty to Jonas Hoglund for Slashing.
0:54 of 2nd period - Doug Weight wins face-off versus Kris Versteeg in Devils zone.
2:18 of 2nd period - Icing by Stephane Robidas.
2:19 of 2nd period - Stephen Weiss wins face-off versus Scott Gomez in Blackhawks zone.
2:59 of 2nd period - Icing by Rene Bourque.
3:00 of 2nd period - Chris Gratton wins face-off versus Lee Stempniak in Blackhawks zone.
3:35 of 2nd period - Stephane Robidas is hit by Jeff Schultz and loses puck.
4:05 of 2nd period - Ramzi Abid is hit by Chris Gratton.
4:14 of 2nd period - Off-side.
4:15 of 2nd period - Stephen Weiss wins face-off versus Scott Gomez in neutral zone.
4:53 of 2nd period - Penalty to Jonas Hoglund is over, Jonas Hoglund is back on ice.
5:23 of 2nd period - Snap shot by Andrei Kostitsyn.
5:23 of 2nd period - Shot Blocked by Scott Gomez.
5:25 of 2nd period - Wrist shot by Teemu Selanne.
5:25 of 2nd period - Shot Blocked by Mattias Ohlund.
5:41 of 2nd period - Minor Penalty to Guillaume Latendresse for Tripping.
5:42 of 2nd period - Doug Weight wins face-off versus Chris Gratton in Devils zone.
5:55 of 2nd period - Snap shot by Doug Weight.
5:55 of 2nd period - Shot Misses the Net.
5:57 of 2nd period - Slapshot by Mike Komisarek.
5:57 of 2nd period - Stopped by Roberto Luongo without a rebound.
5:58 of 2nd period - Scott Gomez wins face-off versus Doug Weight in Blackhawks zone.
6:03 of 2nd period - Wrist shot by Stephane Robidas.
6:03 of 2nd period - Deflect By Marek Zidlicky.
6:03 of 2nd period - Stopped by Antti Niemi without a rebound.
6:04 of 2nd period - Scott Gomez wins face-off versus Doug Weight in Devils zone.
6:34 of 2nd period - Off-side.
6:35 of 2nd period - Scott Gomez wins face-off versus Stephen Weiss in neutral zone.
6:46 of 2nd period - Snap shot by Kris Versteeg.
6:46 of 2nd period - Deflect By Scott Gomez.
6:46 of 2nd period - Goal by Scott Gomez - Devils : 2 - Blackhawks : 3.
6:47 of 2nd period - Stephen Weiss wins face-off versus Scott Gomez in neutral zone.
6:50 of 2nd period - Slapshot by Ben Lovejoy.
6:50 of 2nd period - Shot Misses the Net.
6:58 of 2nd period - Slapshot by Scott Gomez.
6:58 of 2nd period - Stopped by Antti Niemi with a rebound.
7:00 of 2nd period - Slapshot by Christian Ehrhoff.
7:00 of 2nd period - Deflect By Stephen Weiss.
7:00 of 2nd period - Stopped by Antti Niemi without a rebound.
7:01 of 2nd period - Scott Gomez wins face-off versus Stephen Weiss in Devils zone.
7:07 of 2nd period - Minor Penalty to Teemu Selanne for Cross-checking.
7:08 of 2nd period - Doug Weight wins face-off versus Scott Gomez in Devils zone.
7:40 of 2nd period - Lee Stempniak is hit by Rene Bourque and loses puck.
8:01 of 2nd period - Johnny Oduya is hit by Scott Gomez and loses puck.
9:07 of 2nd period - Penalty to Teemu Selanne is over, Teemu Selanne is back on ice.
9:22 of 2nd period - Colby Armstrong is hit by Ben Lovejoy and loses puck.
9:37 of 2nd period - Snap shot by Doug Weight.
9:37 of 2nd period - Shot Misses the Net.
10:13 of 2nd period - George Parros is hit by Guillaume Latendresse and loses puck.
11:25 of 2nd period - Dustin Boyd is hit by Colby Armstrong and loses puck.
12:13 of 2nd period - Snap shot by Guillaume Latendresse.
12:13 of 2nd period - Shot Misses the Net.
12:46 of 2nd period - Off-side.
12:47 of 2nd period - Colby Armstrong wins face-off versus Stephen Weiss in neutral zone.
12:56 of 2nd period - Snap shot by Kris Versteeg.
12:56 of 2nd period - Shot Misses the Net.
12:58 of 2nd period - Wrist shot by Colby Armstrong.
12:58 of 2nd period - Stopped by Antti Niemi with a rebound.
13:05 of 2nd period - Minor Penalty to Christian Ehrhoff for Hooking.
13:06 of 2nd period - Stephen Weiss wins face-off versus Scott Gomez in Blackhawks zone.
13:18 of 2nd period - Snap shot by Stephen Weiss.
13:18 of 2nd period - Stopped by Roberto Luongo with a rebound.
13:20 of 2nd period - Slapshot by Guillaume Latendresse.
13:20 of 2nd period - Shot Blocked by Scott Gomez.
13:22 of 2nd period - Slapshot by Stephen Weiss.
13:22 of 2nd period - Shot Misses the Net.
13:38 of 2nd period - Wrist shot by Ramzi Abid.
13:38 of 2nd period - Goal by Ramzi Abid - Devils : 3 - Blackhawks : 3.
13:39 of 2nd period - Scott Gomez wins face-off versus Stephen Weiss in neutral zone.
13:42 of 2nd period - Andrei Kostitsyn is hit by Scott Gomez and loses puck.
14:08 of 2nd period - Off-side.
14:09 of 2nd period - Chris Gratton wins face-off versus Doug Weight in neutral zone.
14:22 of 2nd period - Snap shot by Doug Weight.
14:22 of 2nd period - Stopped by Roberto Luongo with a rebound.
14:49 of 2nd period - Snap shot by Chris Gratton.
14:49 of 2nd period - Shot Misses the Net.
14:55 of 2nd period - Rene Bourque is hit by Doug Weight.
15:08 of 2nd period - Christian Ehrhoff is hit by Doug Weight and loses puck.
15:11 of 2nd period - Snap shot by Chris Gratton.
15:11 of 2nd period - Goal by Chris Gratton - Devils : 3 - Blackhawks : 4.
15:12 of 2nd period - Scott Gomez wins face-off versus Stephen Weiss in neutral zone.
15:17 of 2nd period - Snap shot by Scott Gomez.
15:17 of 2nd period - Shot Blocked by Mike Komisarek.
15:21 of 2nd period - Slapshot by Scott Gomez.
15:21 of 2nd period - Shot Misses the Net.
15:23 of 2nd period - Snap shot by Scott Gomez.
15:23 of 2nd period - Stopped by Antti Niemi with a rebound.
15:25 of 2nd period - Slapshot by Christian Ehrhoff.
15:25 of 2nd period - Deflect By Kris Versteeg.
15:25 of 2nd period - Shot Misses the Net.
15:25 of 2nd period - Puck is out of play.
15:26 of 2nd period - Scott Gomez wins face-off versus Stephen Weiss in Devils zone.
15:58 of 2nd period - Snap shot by Ramzi Abid.
15:58 of 2nd period - Shot Misses the Net.
16:00 of 2nd period - Wrist shot by Ramzi Abid.
16:00 of 2nd period - Stopped by Roberto Luongo with a rebound.
16:31 of 2nd period - Off-side.
16:32 of 2nd period - Scott Gomez wins face-off versus Jason Williams in neutral zone.
16:35 of 2nd period - Jason Williams is hit by Steve McCarthy and loses puck.
17:07 of 2nd period - Slapshot by Tomas Holmstrom.
17:07 of 2nd period - Shot Misses the Net.
17:09 of 2nd period - Wrist shot by Lee Stempniak.
17:09 of 2nd period - Shot Misses the Net.
17:13 of 2nd period - Snap shot by Jason Williams.
17:13 of 2nd period - Stopped by Roberto Luongo without a rebound.
17:14 of 2nd period - Chris Gratton wins face-off versus Stephen Weiss in Blackhawks zone.
18:04 of 2nd period - Ramzi Abid is hit by George Parros and loses puck.
19:20 of 2nd period - Stephane Robidas is hit by Teemu Selanne and loses puck.
19:33 of 2nd period - Slapshot by Teemu Selanne.
19:33 of 2nd period - Shot Misses the Net.
19:43 of 2nd period - Slapshot by Christian Ehrhoff.
19:43 of 2nd period - Shot Misses the Net.
19:59 of 2nd period - Snap shot by Sergei Shirokov.
19:59 of 2nd period - Stopped by Antti Niemi with a rebound.
Goals for this period are 1 for Devils vs 3 for Blackhawks.
Shots for this period are 8 for Devils vs 9 for Blackhawks.
3rd period
0:01 of 3rd period - Stephen Weiss wins face-off versus Scott Gomez in neutral zone.
1:06 of 3rd period - Snap shot by Scott Gomez.
1:06 of 3rd period - Stopped by Antti Niemi without a rebound.
1:07 of 3rd period - Jason Williams wins face-off versus Scott Gomez in Devils zone.
1:38 of 3rd period - Slapshot by Lee Stempniak.
1:38 of 3rd period - Stopped by Roberto Luongo with a rebound.
1:56 of 3rd period - Slapshot by Tomas Holmstrom.
1:56 of 3rd period - Goal by Tomas Holmstrom - Devils : 4 - Blackhawks : 4.
1:57 of 3rd period - Stephen Weiss wins face-off versus Chris Gratton in neutral zone.
2:14 of 3rd period - Stephen Weiss is hit by Hnat Domenichelli and loses puck.
2:29 of 3rd period - Jordan Staal is hit by Doug Weight and loses puck.
2:56 of 3rd period - Slapshot by Steve McCarthy.
2:56 of 3rd period - Shot Blocked by Brian Rafalski.
3:12 of 3rd period - Slapshot by Daniel Carcillo.
3:12 of 3rd period - Shot Blocked by Ben Lovejoy.
3:29 of 3rd period - Off-side.
3:30 of 3rd period - Doug Weight wins face-off versus Jordan Staal in neutral zone.
3:57 of 3rd period - Doug Weight is hit by Rene Bourque and loses puck.
4:06 of 3rd period - Snap shot by Hnat Domenichelli.
4:06 of 3rd period - Shot Misses the Net.
4:08 of 3rd period - Snap shot by Rene Bourque.
4:08 of 3rd period - Shot Misses the Net.
4:20 of 3rd period - Snap shot by Kris Versteeg.
4:20 of 3rd period - Stopped by Antti Niemi with a rebound.
4:25 of 3rd period - Minor Penalty to George Parros for Hooking.
4:26 of 3rd period - Dustin Boyd wins face-off versus Scott Gomez in Blackhawks zone.
4:28 of 3rd period - Wrist shot by Ramzi Abid.
4:28 of 3rd period - Goal by Ramzi Abid - Devils : 5 - Blackhawks : 4.
4:29 of 3rd period - Scott Gomez wins face-off versus Stephen Weiss in neutral zone.
4:34 of 3rd period - Slapshot by Kris Versteeg.
4:34 of 3rd period - Deflect By Andrei Kostitsyn.
4:34 of 3rd period - Shot Misses the Net.
4:34 of 3rd period - Puck is out of play.
4:35 of 3rd period - Stephen Weiss wins face-off versus Scott Gomez in Devils zone.
4:47 of 3rd period - Christian Ehrhoff is hit by Stephen Weiss and loses puck.
5:22 of 3rd period - Wrist shot by Teemu Selanne.
5:22 of 3rd period - Deflect By Stephen Weiss.
5:22 of 3rd period - Stopped by Roberto Luongo without a rebound.
5:23 of 3rd period - Doug Weight wins face-off versus Scott Gomez in Blackhawks zone.
5:24 of 3rd period - Wrist shot by Guillaume Latendresse.
5:24 of 3rd period - Deflect By Kris Versteeg.
5:24 of 3rd period - Stopped by Roberto Luongo with a rebound.
5:30 of 3rd period - Wrist shot by George Parros.
5:30 of 3rd period - Shot Misses the Net.
6:08 of 3rd period - Minor Penalty to Dustin Boyd for Hooking.
6:09 of 3rd period - Doug Weight wins face-off versus Scott Gomez in Devils zone.
6:23 of 3rd period - Mike Komisarek is hit by Kris Versteeg.
8:08 of 3rd period - Penalty to Dustin Boyd is over, Dustin Boyd is back on ice.
8:32 of 3rd period - Stephen Weiss is hit by Daniel Carcillo and loses puck.
8:50 of 3rd period - Jordan Staal is hit by Andrei Kostitsyn and loses puck.
8:55 of 3rd period - Wrist shot by Teemu Selanne.
8:55 of 3rd period - Stopped by Roberto Luongo with a rebound.
9:13 of 3rd period - Snap shot by Stephen Weiss.
9:13 of 3rd period - Deflect By Teemu Selanne.
9:13 of 3rd period - Stopped by Roberto Luongo with a rebound.
9:15 of 3rd period - Snap shot by Stephen Weiss.
9:15 of 3rd period - Stopped by Roberto Luongo with a rebound.
9:17 of 3rd period - Snap shot by Teemu Selanne.
9:17 of 3rd period - Deflect By Stephen Weiss.
9:17 of 3rd period - Stopped by Roberto Luongo without a rebound.
9:18 of 3rd period - Scott Gomez wins face-off versus Doug Weight in Blackhawks zone.
9:20 of 3rd period - Icing by Kristopher Letang.
9:21 of 3rd period - Scott Gomez wins face-off versus Doug Weight in Blackhawks zone.
9:21 of 3rd period - Scott Gomez is hit by Doug Weight.
9:49 of 3rd period - Snap shot by Rene Bourque.
9:49 of 3rd period - Shot Misses the Net.
9:51 of 3rd period - Slapshot by Steve McCarthy.
9:51 of 3rd period - Shot Misses the Net.
9:53 of 3rd period - Snap shot by Hnat Domenichelli.
9:53 of 3rd period - Shot Misses the Net.
10:30 of 3rd period - Colby Armstrong is hit by Jonas Hoglund and loses puck.
10:51 of 3rd period - Wrist shot by Kris Versteeg.
10:51 of 3rd period - Stopped by Antti Niemi with a rebound.
11:31 of 3rd period - George Parros is hit by Brian Rafalski and loses puck.
12:13 of 3rd period - Slapshot by Brian Rafalski.
12:13 of 3rd period - Goal by Brian Rafalski - Devils : 6 - Blackhawks : 4.
12:14 of 3rd period - Stephen Weiss wins face-off versus Chris Gratton in neutral zone.
12:17 of 3rd period - Slapshot by Marek Zidlicky.
12:17 of 3rd period - Shot Misses the Net.
12:19 of 3rd period - Slapshot by Stephen Weiss.
12:19 of 3rd period - Stopped by Roberto Luongo without a rebound.
12:20 of 3rd period - Chris Gratton wins face-off versus Stephen Weiss in Blackhawks zone.
12:29 of 3rd period - Wrist shot by Andrei Kostitsyn.
12:29 of 3rd period - Stopped by Roberto Luongo without a rebound.
12:30 of 3rd period - Stephen Weiss wins face-off versus Scott Gomez in Blackhawks zone.
12:55 of 3rd period - Mike Komisarek is hit by Christian Ehrhoff and loses puck.
13:22 of 3rd period - Snap shot by Dustin Boyd.
13:22 of 3rd period - Shot Misses the Net.
13:47 of 3rd period - Snap shot by Kris Versteeg.
13:47 of 3rd period - Shot Blocked by Stephen Weiss.
13:49 of 3rd period - Snap shot by Kristopher Letang.
13:49 of 3rd period - Shot Blocked by Ben Lovejoy.
13:51 of 3rd period - Slapshot by Kristopher Letang.
13:51 of 3rd period - Stopped by Antti Niemi with a rebound.
13:57 of 3rd period - Minor Penalty to Teemu Selanne for Interference.
13:58 of 3rd period - Scott Gomez wins face-off versus Doug Weight in Devils zone.
14:51 of 3rd period - Snap shot by Marek Zidlicky.
14:51 of 3rd period - Shot Blocked by Christian Ehrhoff.
14:57 of 3rd period - Stephen Weiss is hit by Chris Gratton and loses puck.
15:57 of 3rd period - Penalty to Teemu Selanne is over, Teemu Selanne is back on ice.
16:06 of 3rd period - Slapshot by Stephen Weiss.
16:06 of 3rd period - Stopped by Roberto Luongo without a rebound.
16:07 of 3rd period - Doug Weight wins face-off versus Jordan Staal in Blackhawks zone.
17:58 of 3rd period - Mattias Ohlund is hit by Andrei Kostitsyn and loses puck.
18:18 of 3rd period - Snap shot by Dustin Boyd.
18:18 of 3rd period - Deflect By Ramzi Abid.
18:18 of 3rd period - Shot Blocked by Mattias Ohlund.
18:18 of 3rd period - Puck is out of play.
18:19 of 3rd period - Doug Weight wins face-off versus Sergei Shirokov in Blackhawks zone.
18:20 of 3rd period - Snap shot by Guillaume Latendresse.
18:20 of 3rd period - Shot Blocked by Hnat Domenichelli.
18:22 of 3rd period - Slapshot by Guillaume Latendresse.
18:22 of 3rd period - Shot Misses the Net.
18:38 of 3rd period - Snap shot by Kris Versteeg.
18:38 of 3rd period - Stopped by Antti Niemi without a rebound.
18:39 of 3rd period - Jordan Staal wins face-off versus Dustin Boyd in Devils zone.
18:40 of 3rd period - Snap shot by Colby Armstrong.
18:40 of 3rd period - Shot Blocked by Brian Rafalski.
19:04 of 3rd period - Colby Armstrong is hit by Stephen Weiss and loses puck.
19:27 of 3rd period - Snap shot by Scott Gomez.
19:27 of 3rd period - Deflect By Daniel Carcillo.
19:27 of 3rd period - Goal by Daniel Carcillo - Devils : 6 - Blackhawks : 5.
19:28 of 3rd period - Stephen Weiss wins face-off versus Scott Gomez in neutral zone.
19:33 of 3rd period - Blackhawks, Roberto Luongo is pulled from the net.
19:43 of 3rd period - Wrist shot by Kris Versteeg.
19:43 of 3rd period - Stopped by Antti Niemi with a rebound.
19:45 of 3rd period - Snap shot by Kris Versteeg.
19:45 of 3rd period - Shot Hit the Post.
Goals for this period are 3 for Devils vs 1 for Blackhawks.
Shots for this period are 13 for Devils vs 7 for Blackhawks.
Output by the SimonT Hockey Simulator (STHS) for François Prévost -- Original Page W3C XHTML 1.0 Valid